 Dungeon Crawl Stone Soup version 0.17-a0-1497-g03599f7 (webtiles) character file.

287 MackTheKnife the Ducker (level 6, -1/49 HPs)
             Began as a Merfolk Wanderer on July 6, 2015.
             Killed by nerve-wracking pain
             ... invoked by an orc priest
              (12 damage)
             ... on level 4 of the Dungeon.
             The game lasted 00:05:55 (3737 turns).

MackTheKnife the Ducker (Merfolk Wanderer)          Turns: 3737, Time: 00:05:55

Health: -1/49      AC:  4    Str: 13    XL:     6   Next: 30%
Magic:  6/6        EV: 15    Int: 10    God:
Gold:   218        SH:  0    Dex: 16    Spells: 0 memorised, 5 levels left

rFire  . . .     SeeInvis .     c - +1 flail (venom)
rCold  . . .     Clarity  .     o - +0 leather armour
rNeg   . . .     SustAt   .     (no shield)
rPois  .         Gourm    .     (no helmet)
rElec  .         Spirit   .     (no cloak)
rCorr  .         Warding  .     (no gloves)
rMut   .         Stasis   .     j - +0 pair of boots
MR     .....                    (no amulet)
Stlth  +++.......               (no ring)
                                (no ring)

@: not resistant to hostile enchantments, fairly stealthy
A: change form in water, swift swim
a: no special abilities


You were on level 4 of the Dungeon.
You were not hungry.

You visited 1 branch of the dungeon, and saw 4 of its levels.

You collected 218 gold pieces.

Inventory:

Hand weapons
 a - a +2 quarterstaff
 b - a +0 spear
 c - a +1 flail of venom (weapon)
   (You took it off an orc priest on level 3 of the Dungeon)
 k - a +0 mace of holy wrath
   (You found it on level 2 of the Dungeon)
 m - a +2 short sword of venom
   (You found it on level 2 of the Dungeon)
 q - a +0 halberd
   (You took it off a gnoll on level 3 of the Dungeon)
Armour
 j - a +0 pair of boots (worn)
   (You found it on level 2 of the Dungeon)
 o - a +0 leather armour (worn)
   (You found it on level 3 of the Dungeon)
Scrolls
 d - a scroll of blinking {unknown}
 e - 2 scrolls of remove curse {unknown}
 g - 2 scrolls of fear {unknown}
 l - 3 scrolls of identify {unknown}
 t - a scroll of amnesia {unknown}
Potions
 i - a potion of heal wounds {unknown}
 n - a potion of lignification {unknown}
 p - a potion of haste {unknown}
Comestibles
 f - 5 bread rations {@e1}
 h - a meat ration {@e2}
 s - 3 fruits


   Skills:
 - Level 4.3 Fighting
 - Level 4.8(5.0) Polearms
 - Level 1.0(2.0) Staves
 - Level 1.0 Throwing
 + Level 6.4 Dodging
 - Level 4.3 Stealth


You had 5 spell levels left.
You didn't know any spells.

Dungeon Overview and Level Annotations

Branches:
Dungeon (4/15)
 Temple: D:4-7

Altars:


Message History

You hit the hobgoblin.
The hobgoblin is poisoned.
The hobgoblin hits you with a club.
You take 1 damage, and have 33/43 hp.
You sock the hobgoblin!
You kill the hobgoblin!
Things that are here:
a club; a hobgoblin corpse
Things that are here:
a whip; an orc corpse You now have 202 gold pieces (gained 11).
Found a stone staircase leading up.
You regained 2 hp, and now have 36/43 hp.
A worker ant comes into view.
You see here 3 fruits.
You regained 2 hp, and now have 38/43 hp.
A worker ant is nearby!
s - 3 fruits The helpless worker ant fails to defend itself.
You sock the worker ant!
The worker ant is poisoned.
You kill the worker ant!
You have reached level 6!
Your experience leads to an increase in your attributes!
Increase (S)trength, (I)ntelligence, or (D)exterity?
You feel stronger.
You regained 5 hp, and now have 44/49 hp.
MP restored: 6
f - 5 bread rations {@e1} (gained 1)
t - a scroll labeled MESYSTRE OBBY You regained 2 hp, and now have 46/49 hp.
All of the chunks of flesh in your inventory have rotted away.
You now have 218 gold pieces (gained 16).
An orc wizard comes into view. It is wielding a vampiric dagger.
The orc wizard shouts!
A giant cockroach comes into view.
Health restored: 49
There are monsters nearby!
No target in view!
An orc wizard comes into view. It is wielding a dagger.
An orc priest comes into view. It is wielding a club.
The orc priest moves out of view.
The orc wizard closely misses you.
An orc comes into view.
You barely miss the orc wizard. The orc wizard barely misses you.
The orc wizard shouts!
The orc shouts!
You hit the orc wizard.
The orc wizard is poisoned.
The orc wizard completely misses you.
The orc priest shouts!
You hit the orc wizard but do no damage.
The orc wizard looks even sicker.
The orc wizard hits you with a vampiric dagger.
The orc wizard draws strength from your injuries!
The orc wizard barely misses you.
You take 2 damage, and have 47/49 hp.
You thump the orc wizard!
You kill the orc wizard!
Your Dodging skill increases to level 6!
The giant cockroach misses you.
You barely miss the giant cockroach.
The giant cockroach completely misses you.
The giant cockroach closely misses you.
You hit the giant cockroach.
You kill the giant cockroach!
The orc hits you.
You take 5 damage, and have 42/49 hp.
You hit the orc.
The orc is poisoned.
The orc priest invokes the aid of Beogh against you.
Something smites you! The orc closely misses you.
An orc priest comes into view. It is wielding a mace.
The orc priest shouts!
You take 16 damage, and have 26/49 hp.
MASSIVE DAMAGE!!
You are too injured to fight recklessly!
You hit the orc.
You kill the orc!
You closely miss the orc priest. The orc priest hits you with a club.
You take 4 damage, and have 23/49 hp.
You barely miss the orc priest. The orc priest hits you with a club.
You take 2 damage, and have 21/49 hp.
You hit the orc priest.
The orc priest is poisoned.
The orc priest closely misses you.
The orc priest miscasts a cantrip.
You hit the orc priest. The orc priest closely misses you.
The orc priest looks braver for a moment.
The orc priest completely misses you.
You hit the orc priest.
The orc priest looks even sicker.
The orc priest miscasts a cantrip.
You barely miss the orc priest.
You kill the orc priest!
The orc priest calls down the wrath of Beogh upon you.
Something smites you!
* * * LOW HITPOINT WARNING * * *
You take 12 damage, and have 10/49 hp.
MASSIVE DAMAGE!!
Drink which item? (? for menu, Esc to quit)
Okay, then.
You hit the orc priest but do no damage.
The orc priest is poisoned.
The orc priest completely misses you.
You closely miss the orc priest.
The orc priest mumbles some strange prayers to Beogh against you.
Pain shoots through your body!
You die...

##. #########.
##.....<... # #####
#.######### #. ...# #.#
#####!####.####.#########
.o....)o.................
#####.##o.....#.#########
# #@#.##.#.# #.#.##.#.#
#.#.##.#.# #........#
..####+### #.# #.# #.#


You could see an orc priest and an orc wizard.

Vanquished Creatures
  2 orc priests
  2 orc wizards (D:4)
  A worker ant (D:4)
  An adder (D:2)
  4 gnolls
  An ooze (D:3)
  3 worms
  A giant gecko (D:2)
  10 orcs
  A bat skeleton (D:4)
  8 giant cockroaches
  14 goblins
  11 hobgoblins
  3 jackals (D:2)
  A quokka (D:3)
  2 ball pythons
  7 bats
  3 giant newts
  6 kobolds
  7 rats
88 creatures vanquished.

Vanquished Creatures (others)
  5 toadstools (D:1)
5 creatures vanquished.

Grand Total: 93 creatures vanquished

Notes
Turn   | Place    | Note
--------------------------------------------------------------
     0 | D:1      | MackTheKnife the Merfolk Wanderer began the quest for the Orb.
     0 | D:1      | MackTheKnife set off with: a +2 quarterstaff, a +0 spear, a potion of curing, a +0 robe, a +0 dagger, a bread ration {@e1}
     0 | D:1      | Reached XP level 1. HP: 20/20 MP: 1/1
   125 | D:1      | Reached skill level 1 in Polearms
   534 | D:1      | Reached skill level 2 in Polearms
   596 | D:1      | Reached XP level 2. HP: 24/26 MP: 2/2
   910 | D:1      | Reached skill level 3 in Polearms
  1140 | D:2      | Reached XP level 3. HP: 19/31 MP: 3/3
  1261 | D:2      | Reached skill level 4 in Polearms
  1430 | D:2      | HP: 7/31 [poisoned by an adder]
  1435 | D:2      | HP: 5/31 [poisoned by an adder]
  1443 | D:2      | HP: 4/31 [poisoned by an adder]
  1874 | D:2      | Reached skill level 1 in Dodging
  1874 | D:2      | Reached XP level 4. HP: 31/38 MP: 4/4
  2159 | D:3      | HP: 3/38 [orc priest/flail of venom (7)]
  2200 | D:2      | Reached skill level 2 in Dodging
  2250 | D:2      | HP: 9/38 [worm (11)]
  2471 | D:3      | HP: 9/38 [orc priest/divine providence (13)]
  2474 | D:3      | Reached skill level 3 in Dodging
  2474 | D:3      | Reached XP level 5. HP: 12/43 MP: 5/5
  2952 | D:3      | Reached skill level 4 in Dodging
  3471 | D:4      | Reached skill level 5 in Dodging
  3665 | D:4      | Reached XP level 6. HP: 44/49 MP: 6/6
  3723 | D:4      | Reached skill level 6 in Dodging
  3735 | D:4      | HP: 10/49 [orc priest/divine providence (12)]
  3737 | D:4      | Killed from afar by an orc priest

Vault maps used:
D:1:      ldierk_walled_garden, solitary_fountain, minmay_misc_feat_hallway,
          hex_tiny
D:2:      kennysheep_generic_room_15
D:3:      first_bread, serial_bayou_lagoon_a, hangedman_feature_mirror,
          minmay_crystal_water
D:4:      kennysheep_big_flooded_room, kennysheep_generic_room_8, uniq_eustachio

Action                   |  1- 3 |  4- 6 || total
-------------------------+-------+-------++-------
Melee: Quarterstaff      |   115 |    48 ||   163
       Flail             |       |    85 ||    85
  Use: Potion            |       |     2 ||     2
 Stab: Sleeping          |     9 |     8 ||    17
       Distracted        |       |     1 ||     1
  Eat: Chunk             |     3 |     6 ||     9

Vault maps used:
D:1:      ldierk_walled_garden, solitary_fountain, minmay_misc_feat_hallway,
          hex_tiny
D:2:      kennysheep_generic_room_15
D:3:      first_bread, serial_bayou_lagoon_a, hangedman_feature_mirror,
          minmay_crystal_water
D:4:      kennysheep_big_flooded_room, kennysheep_generic_room_8, uniq_eustachio

Table legend:
 A = Turns spent in this place as a percentage of turns spent in the entire game.
 B = Non-inter-level travel turns spent in this place as a percentage of non-inter-level travel turns spent in the entire game.
 C = Inter-level travel turns spent in this place as a percentage of turns spent in this place.
 D = Turns resting spent in this place as a percentage of non-inter-level travel turns spent in this place.
 E = Turns spent auto-exploring this place as a percentage of non-inter-level travel turns spent in this place.
 F = Non-inter-level travel turns spent in this place divided by the number of levels of this place that you've seen.
                   A       B       C       D       E      F
               +-------+-------+-------+-------+-------+----------------------
         Total | 100.0 | 100.0 |   0.4 |   4.2 |   9.9 | 222.2
       Dungeon | 100.0 | 100.0 |   0.4 |   4.2 |   9.9 | 222.2
               +-------+-------+-------+-------+-------+----------------------

Table legend:
 A = Kills in this place as a percentage of kills in entire the game.
 B = Kills by you in this place as a percentage of kills by you in the entire game.
 C = Kills by friends in this place as a percentage of kills by friends in the entire game.
 D = Other kills in this place as a percentage of other kills in the entire game.
 E = Experience gained in this place as a percentage of experience gained in the entire game.
 F = Experience gained in this place divided by the number of levels of this place that you have seen.
                   A       B       C       D       E      F
               +-------+-------+-------+-------+-------+----------------------
         Total | 100.0 | 100.0 |  -nan |  -nan | 100.0 | 102.8
       Dungeon | 100.0 | 100.0 |  -nan |  -nan | 100.0 | 102.8
               +-------+-------+-------+-------+-------+----------------------
